AoeStats
← Dead"Facil te carreo"Rabbit

Pilgrims

508801599Analyzed
4v4 RM · 9d ago on Sep 24, 2026· 42m 5s· 8 players
Game mode
Random Map
Map size
Large (8 player)
Population
200
Speed
Normal
Resources
Standard
Victory
Conquest
Starting age
Dark Age
Ending age
Imperial Age
RankedLock teamsTeams togetherTeam positionsShared explorationLock speedFull tech treeHidden civsTurbo modeCheats
Victory
Defeat
🇨🇱 Burgundians · Chile
1310
+10
🇲🇽 Gurjaras · Mexico
1166
+16
🇦🇷 Persians · Argentina
1151
+16
955
+25
🇵🇰 Vikings · Pakistan
1169
-17
🇨🇳 Italians · China
1163
-17
🇺🇸 Spanish · United States
1160
-17
🇨🇳 Wu · China
1134
-16
Chongyass
7:24 Loom
12:16 Feudal Age
13:46 Double-Bit Axe
19:41 Fishing Lines
21:16 Fletching
23:21 Padded Archer Armor
25:34 Castle Age
26:07 Wheelbarrow
26:30 Medium Warships
26:15 Gillnets
33:20 Leather Archer Armor
33:02 Bodkin Arrow
39:01 Imperial Age
36:51 Squires
36:53 Scale Mail Armor
42:16 Conscription
Big Oil
10:01 Loom
13:01 Feudal Age
13:54 Double-Bit Axe
16:30 Wheelbarrow
18:00 Castle Age
18:06 Wheelbarrow
24:16 Gold Mining
24:16 Stone Mining
khamz
14:52 Feudal Age
15:41 Double-Bit Axe
15:40 Fishing Lines
16:03 Town Watch
18:45 Castle Age
19:11 Fletching
23:21 Bow Saw
23:30 Bodkin Arrow
25:57 Clinker Construction
25:33 Horse Collar
27:00 Ballistics
28:24 Gold Mining
29:07 Careening
31:30 Heavy Plow
35:41 Chieftains
Zarathustra
10:49 Feudal Age
14:13 Double-Bit Axe
15:31 Fishing Lines
17:47 Loom
22:19 Castle Age
21:00 Gold Mining
20:54 Horse Collar
21:54 Wheelbarrow
23:15 Medium Warships
22:55 Gillnets
23:44 Fletching
27:02 Bow Saw
27:15 Hand Cart
Patroncio
9:05 Loom
14:07 Feudal Age
19:20 Castle Age
17:15 Double-Bit Axe
18:34 Scale Barding Armor
20:19 Medium Warships
20:27 Bow Saw
20:10 Fletching
21:43 Wheelbarrow
21:05 Town Watch
23:11 Gold Mining
29:02 Fishing Lines
31:49 Clinker Construction
31:51 Careening
33:08 Hand Cart
36:18 Imperial Age
34:23 Horse Collar
35:06 Town Patrol
35:29 Chain Barding Armor
34:50 Demolition Ship
36:00 Ballistics
36:13 Forging
35:59 Bodkin Arrow
37:39 Plate Barding Armor
37:40 Iron Casting
37:07 Bracer
38:09 Chemistry
36:35 Heavy Demolition Ship
37:42 Heavy Warships
38:06 Gold Shaft Mining
37:34 Stone Mining
38:25 Padded Archer Armor
38:26 Scale Mail Armor
38:54 Carvel Hull
38:55 Heavy Plow
38:42 Man-at-Arms
39:49 Leather Archer Armor
39:50 Chain Mail Armor
39:26 Arson
39:29 Long Swordsman
40:17 Thumb Ring
40:05 Light Cavalry
40:46 Husbandry
40:56 Kshatriyas
41:57 Plate Mail Armor
42:16 Crop Rotation
Dead"Facil te carreo"Rabbit
9:02 Loom
15:10 Feudal Age
19:19 Double-Bit Axe
20:45 Double-Bit Axe
23:41 Castle Age
23:56 Gold Mining
26:03 Medium Warships
26:16 Fletching
30:27 Forging
30:18 Scale Mail Armor
30:51 Ballistics
32:39 Demolition Ship
39:10 Chain Mail Armor
39:31 Iron Casting
Jhasper con manos
2:23 Double-Bit Axe
5:03 Loom
8:01 Fishing Lines
12:00 Feudal Age
10:59 Gold Mining
14:46 Bow Saw
16:47 Castle Age
15:04 Gillnets
15:06 Fletching
16:24 Stone Mining
16:20 Horse Collar
17:53 Medium Warships
17:40 Bodkin Arrow
18:36 Wheelbarrow
20:17 Hand Cart
21:19 Scale Barding Armor
21:52 Forging
23:04 Stone Shaft Mining
23:27 Chain Barding Armor
25:40 Husbandry
38:17 Coinage
40:20 Imperial Age
MAX POWER
4:02 Loom
11:44 Feudal Age
16:00 Double-Bit Axe
19:01 Castle Age
20:08 Horse Collar
26:59 Wheelbarrow
27:22 Bow Saw
27:13 Heavy Plow
28:25 Stone Mining
29:57 Hand Cart
29:54 Gold Mining
30:10 Town Watch
31:12 Fletching
32:29 Gold Shaft Mining
32:18 Scale Barding Armor
32:24 Forging
32:49 Bodkin Arrow
35:33 Chain Barding Armor
35:49 Iron Casting
40:06 Imperial Age
39:44 Stone Shaft Mining
39:57 Kamandaran
40:18 Masonry
40:29 Ballistics
40:18 Husbandry
40:28 Bloodlines
41:05 Plate Barding Armor
41:30 Blast Furnace
39:55 Elite War Elephant
41:03 Conscription
42:33 Two-Man Saw
42:03 Crop Rotation
Connection lost

Rejoining the realm…

Still unreachable

The connection could not be restored.

Session expired

The server has moved on; the page needs a fresh start.